 Dungeon Crawl Stone Soup version 0.28.0-53-g5a82cb258f (webtiles) character file.

Game seed: 162487123315459295

830836 Soldner the Axe Maniac (level 27, -4/239 (273) HPs)
             Began as a Minotaur Fighter on July 11, 2022.
             Was the Champion of Okawaru.
             Killed from afar by an elemental wellspring (30 damage)
             ... with a torrent of water
             ... on level 6 of Cocytus on July 13, 2022.
             The game lasted 04:04:02 (78050 turns).

Soldner the Axe Maniac (Minotaur Fighter)          Turns: 78050, Time: 04:04:03

HP:   -4/239 (273)  AC: 43    Str: 44    XL:     27
MP:   39/39         EV: 23    Int: 18    God:    Okawaru [******]
Gold: 5659          SH: 35    Dex: 17    Spells: 26/26 levels left

rFire   + + .      SeeInvis +   y - +8 broad axe of Virtue {holy, *Noise rCorr Str+8}
rCold   + + .      Faith    .   E - +5 tower shield {AC+3}
rNeg    . . .      Spirit   .   H - +6 plate armour of the Four Nights {rC- Int+4 Slay+2 SInv}
rPois   .          Reflect  .   F - +0 hat of the Swan {Rampage rF+}
rElec   +          Harm     .   U - +2 cloak of the Game of Kings {rElec}
rCorr   +          Rampage  +   J - +0 pair of gloves of the Seventy-Seven Beds {Fly rF+ Regen+ Str+3}
Will    +++..                   I - +2 pair of boots {Stlth+}
Stlth   ..........              l - amulet of Lyket {Regen+ Str+3 Int+2 Slay+3}
HPRegen 2.09/turn               e - ring of protection from cold
MPRegen 0.26/turn               f - ring "Luanee" {rC++ Will+ Int+3 Slay+3 Stlth-}

@: silenced, flying, studying Ice Magic, heavily drained, frozen potions
A: horns 2, retaliatory headbutt, iridescent scales 1, large bone plates 1,
clever 2, screaming 1, strong 1, subdued magic 1
}: 7/15 runes: serpentine, barnacled, slimy, silver, obsidian, demonic, fiery
a: Renounce Religion


You were on level 6 of Cocytus.
You worshipped Okawaru.
Okawaru was exalted by your worship.
You visited 14 branches of the dungeon, and saw 64 of its levels.
You visited Pandemonium 2 times, and saw 10 of its levels.
You visited the Abyss 1 time.
You visited 1 bazaar.
You visited 1 ziggurat, and saw 6 of its levels.
You also visited: Bailey, Gauntlet, Ice Cave and Desolation.

You collected 10636 gold pieces.
You spent 4977 gold pieces at shops.

Inventory:

Hand Weapons
 k - a +9 vampiric executioner's axe
 u - the +6 battleaxe "Wirghadyt" {holy, rElec rPois rF++ Str+4}
   (You took it off a merfolk on level 4 of the Shoals)

   It has been blessed by the Shining One to cause great damage to the undead
   and demons.
   Str:       It affects your strength (+4).
   rF:        It greatly protects you from fire.
   rElec:     It insulates you from electricity.
   rPois:     It protects you from poison.
 y - the +8 broad axe of Virtue (weapon) {holy, *Noise rCorr Str+8}
   (You found it on level 5 of the Pits of Slime)

   It has been blessed by the Shining One to cause great damage to the undead
   and demons.
   Str:       It affects your strength (+8).
   *Noise:    It may make noises in combat.
   rCorr:     It protects you from acid and corrosion.
 z - the +5 broad axe "Amaghecs" {freeze, rN+ Str+4 Int-4}
   (Okawaru gifted it to you on level 1 of Cocytus)

   It freezes those it strikes, dealing additional cold damage.
   It can also slow down cold-blooded creatures.
   Str:       It affects your strength (+4).
   Int:       It affects your intelligence (-4).
   rN:        It protects you from negative energy.
 M - the +4 broad axe of Equivalence {vamp, rPois rF- Str+5}
   (Okawaru gifted it to you on level 1 of the Depths)

   It occasionally heals its wielder for a portion of the damage dealt when it
   wounds a living foe.
   Str:       It affects your strength (+5).
   rF:        It makes you vulnerable to fire.
   rPois:     It protects you from poison.
Missiles
 h - 2 boomerangs of dispersal (quivered)
Armour
 j - the +0 crystal plate armour of Unambiguity {Str+4 Dex+2}
   (Okawaru gifted it to you on level 3 of the Elven Halls)

   Str:       It affects your strength (+4).
   Dex:       It affects your dexterity (+2).
 E - a +5 tower shield of protection (worn)
 F - the +0 hat of the Swan (worn) {Rampage rF+}
   (You found it in a Gauntlet)

   rF:        It protects you from fire.
   Rampage:   It bestows one free step when moving towards enemies.
 H - the +6 plate armour of the Four Nights (worn) {rC- Int+4 Slay+2 SInv}
   (Okawaru gifted it to you on level 2 of the Orcish Mines)

   Int:       It affects your intelligence (+4).
   Slay:      It affects your accuracy & damage with ranged weapons and melee
   (+2).
   rC:        It makes you vulnerable to cold.
   SInv:      It lets you see invisible.
 I - a +2 pair of boots of stealth (worn)
 J - the +0 pair of gloves of the Seventy-Seven Beds (worn) {Fly rF+ Regen+ Str+3}
   (Okawaru gifted it to you on level 15 of the Dungeon)

   Str:       It affects your strength (+3).
   rF:        It protects you from fire.
   Fly:       It grants you flight.
   Regen:     It increases your rate of health regeneration.
 P - the +2 pair of gloves of Egalitarianism {*Corrode Will+ Dex+5}
   (You found it in Pandemonium)

   Dex:       It affects your dexterity (+5).
   *Corrode:  It may corrode you when you take damage.
   Will:      It increases your willpower.
 U - the +2 cloak of the Game of Kings (worn) {rElec}
   (You acquired it on level 6 of the Lair of Beasts)

   rElec:     It insulates you from electricity.
Jewellery
 b - the amulet of the Four Winds {rN+ Will+++ Clar}
   (You bought it in a shop on level 2 of the Orcish Mines)

   [amulet of nothing]

   rN:        It protects you from negative energy.
   Clar:      It protects you against confusion.
   Will:      It greatly increases your willpower.
 d - a ring of the Octopus King {rN+ AC+1 EV+1 Str+1 Int+1 Dex+1}
   (You found it on level 3 of the Elven Halls)

   [ring of positive energy]

   AC:        It affects your AC (+1).
   EV:        It affects your evasion (+1).
   Str:       It affects your strength (+1).
   Int:       It affects your intelligence (+1).
   Dex:       It affects your dexterity (+1).
   rN:        It protects you from negative energy.
 e - a ring of protection from cold (left hand)
 f - the ring "Luanee" (right hand) {rC++ Will+ Int+3 Slay+3 Stlth-}
   (You found it in an ice cave)

   [ring of willpower]

   Int:       It affects your intelligence (+3).
   Slay:      It affects your accuracy & damage with ranged weapons and melee
   (+3).
   rC:        It greatly protects you from cold.
   Will:      It increases your willpower.
   Stlth:     It makes you less stealthy.
 i - a ring of protection from fire
 l - the amulet of Lyket (around neck) {Regen+ Str+3 Int+2 Slay+3}
   (You bought it in a shop on level 2 of the Orcish Mines)

   [amulet of regeneration]

   Str:       It affects your strength (+3).
   Int:       It affects your intelligence (+2).
   Slay:      It affects your accuracy & damage with ranged weapons and melee
   (+3).
   Regen:     It increases your rate of health regeneration.
 o - a ring of willpower
 s - a ring of resist corrosion
 w - the ring of Existentialism {Str+6 Stlth+}
   (You found it on level 5 of the Pits of Slime)

   [ring of strength]

   Str:       It affects your strength (+6).
   Stlth:     It makes you more stealthy.
 D - the ring "Repov" {Fire rPois rN+}
   (You found it in Pandemonium)

   [ring of fire]

   It enhances your fire magic.
   rF:        It protects you from fire.
   rC:        It makes you vulnerable to cold.
   rPois:     It protects you from poison.
   rN:        It protects you from negative energy.
 O - a ring of poison resistance
Wands
 q - a wand of digging (3)
 r - a wand of paralysis (25)
 x - a wand of acid (37)
 B - a wand of polymorph (26)
 L - a wand of iceblast (9)
 T - a wand of mindburst (3)
Scrolls
 a - 9 scrolls of holy word
 c - 2 scrolls of amnesia
 m - 5 scrolls of magic mapping
 n - 23 scrolls of teleportation
 A - a scroll of blinking
 G - a scroll of silence
 N - 12 scrolls of fog
 V - 9 scrolls of enchant weapon
 X - 3 scrolls of fear
Potions
 g - a potion of mutation
 p - 3 potions of cancellation
 t - 10 potions of attraction
 v - 2 potions of resistance
 C - 3 potions of invisibility
 K - 2 potions of magic
 Q - 3 potions of berserk rage
 Y - 4 potions of might


   Skills:
 O Level 27 Fighting
 O Level 27 Axes
 + Level 2.4 Throwing
 O Level 27 Armour
 + Level 23.9 Dodging
 + Level 8.8 Stealth
 O Level 27 Shields
 O Level 27 Invocations
 + Level 8.6 Evocations


You had 26 spell levels left.
You didn't know any spells.
Your spell library contained the following spells:

 Spells                   Type           Power      Damage    Failure   Level
 Apportation              Tloc           0%         N/A       36%         1
 Beastly Appendage        Tmut           0%         N/A       36%         1
 Foxfire                  Conj/Fire      0%         2x1d4     36%         1
 Freeze                   Ice            0%         1d3       36%         1
 Magic Dart               Conj           0%         1d3       36%         1
 Pain                     Necr           0%         1d4       36%         1
 Sandblast                Erth           0%         2d4       36%         1
 Shock                    Conj/Air       0%         1d3       36%         1
 Slow                     Hex            0%         N/A       36%         1
 Sting                    Tmut/Pois      0%         1d3       36%         1
 Blink                    Tloc           0%         N/A       50%         2
 Corpse Rot               Necr/Air       0%         N/A       50%         2
 Ensorcelled Hibernation  Hex/Ice        0%         N/A       50%         2
 Passwall                 Tmut/Erth      0%         N/A       50%         2
 Poisonous Vapours        Pois/Air       0%         N/A       50%         2
 Scorch                   Fire           0%         2d5       50%         2
 Static Discharge         Conj/Air       0%         N/A       50%         2
 Confusing Touch          Hex            0%         N/A       75%         3
 Conjure Flame            Conj/Fire      0%         6-21      75%         3
 Dazzling Flash           Conj/Hex       0%         N/A       75%         3
 Frozen Ramparts          Ice            0%         1d2       75%         3
 Gell's Gravitas          Tloc           0%         N/A       75%         3
 Ignite Poison            Fire/Tmut/Pois 0%         N/A       75%         3
 Inner Flame              Hex/Fire       0%         N/A       75%         3
 Lesser Beckoning         Tloc           0%         N/A       75%         3
 Mephitic Cloud           Conj/Pois/Air  0%         N/A       75%         3
 Portal Projectile        Hex/Tloc       0%         N/A       75%         3
 Spider Form              Tmut/Pois      0%         N/A       75%         3
 Stone Arrow              Conj/Erth      0%         3d7       75%         3
 Swiftness                Air            0%         N/A       75%         3
 Teleport Other           Tloc           0%         N/A       75%         3
 Vampiric Draining        Necr           0%         2d6       75%         3
 Airstrike                Air            0%         N/A       99%         4
 Anguish                  Hex/Necr       0%         N/A       99%         4
 Cause Fear               Hex            0%         N/A       99%         4
 Dispel Undead            Necr           0%         3d6       99%         4
 Flame Wave               Conj/Fire      0%         2d4       99%         4
 Fulminant Prism          Conj/Hex       0%         3d6       99%         4
 Hailstorm                Conj/Ice       0%         3d3       99%         4
 Ice Form                 Ice/Tmut       0%         N/A       99%         4
 Iskenderun's Mystic Bla  Conj/Tloc      0%         2d3       99%         4
 Leda's Liquefaction      Hex/Erth       0%         N/A       99%         4
 Passage of Golubria      Tloc           0%         N/A       99%         4
 Sticky Flame             Conj/Fire      0%         2d3       99%         4
 Agony                    Necr           0%         N/A       100%        5
 Alistair's Intoxication  Tmut/Pois      0%         N/A       100%        5
 Blade Hands              Tmut           0%         N/A       100%        5
 Borgnjor's Vile Clutch   Necr/Erth      0%         N/A       100%        5
 Excruciating Wounds      Necr           0%         N/A       100%        5
 Freezing Cloud           Conj/Ice/Air   0%         6-21      100%        5
 Irradiate                Conj/Tmut      0%         3d13      100%        5
 Iskenderun's Battlesphe  Conj           0%         2d6       100%        5
 Lee's Rapid Deconstruct  Erth           0%         3d5*      100%        5
 Lightning Bolt           Conj/Air       0%         1d11      100%        5
 Manifold Assault         Tloc           0%         N/A       100%        5
 Metabolic Englaciation   Hex/Ice        0%         N/A       100%        5
 Yara's Violent Unravell  Hex/Tmut       0%         3d3       100%        5
 Conjure Ball Lightning   Conj/Air       0%         3x3d6     100%        6
 Dispersal                Tloc           0%         N/A       100%        6
 Eringya's Noxious Bog    Tmut/Pois      0%         N/A       100%        6
 Iron Shot                Conj/Erth      0%         9d1       100%        6
 Starburst                Conj/Fire      0%         6d3       100%        6
 Statue Form              Tmut/Erth      0%         N/A       100%        6
 Dragon Form              Tmut           0%         N/A       100%        7
 Enfeeble                 Hex            0%         N/A       100%        7
 Storm Form               Tmut/Air       0%         N/A       100%        7
 Discord                  Hex            0%         N/A       100%        8
 Disjunction              Tloc           0%         N/A       100%        8
 Lehudib's Crystal Spear  Conj/Erth      0%         10d2      100%        8
 Maxwell's Capacitive Co  Air            0%         ∞         100%        8
 Necromutation            Tmut/Necr      0%         N/A       100%        8
 Death's Door             Necr           0%         N/A       100%        9
 Fire Storm               Conj/Fire      0%         5d1       100%        9
 Shatter                  Erth           0%         3d5*      100%        9
 Animate Skeleton         Necr           Unusable   N/A       N/A         1
 Summon Small Mammal      Summ           Unusable   N/A       N/A         1
 Call Imp                 Summ           Unusable   N/A       N/A         2
 Summon Guardian Golem    Hex/Summ       Unusable   N/A       N/A         3
 Tukima's Dance           Hex            Unusable   N/A       N/A         3
 Animate Armour           Summ/Erth      Unusable   N/A       N/A         4
 Animate Dead             Necr           Unusable   N/A       N/A         4
 Summon Ice Beast         Ice/Summ       Unusable   N/A       N/A         4
 Summon Lightning Spire   Summ/Air       Unusable   N/A       N/A         4
 Death Channel            Necr           Unusable   N/A       N/A         6
 Simulacrum               Ice/Necr       Unusable   N/A       N/A         6
 Summon Cactus Giant      Summ           Unusable   N/A       N/A         6
 Spellforged Servitor     Conj/Summ      Unusable   N/A       N/A         7
 Infestation              Necr           Unusable   N/A       N/A         8
 Dragon's Call            Summ           Unusable   N/A       N/A         9

Dungeon Overview and Level Annotations

Branches:
Dungeon (15/15)            Temple (1/1) D:7            Lair (6/6) D:10
 Shoals (4/4) Lair:2        Snake (4/4) Lair:4        Slime (5/5) Lair:5
    Orc (2/2) D:10            Elf (3/3) Orc:2        Vaults (5/5) D:14
  Crypt (0/3) Vaults:3     Depths (4/4) D:15           Hell (visited)
    Geh (7/7) Hell            Coc (6/7) Hell            Tar (0/7) Hell
    Zot (1/5) Depths:4     Bailey (visited)           IceCv (visited)
Desolation (visited)      Gauntlet (visited)
    Dis: Hell:1

Altars:
Ashenzari
Cheibriados
Dithmenos
Elyvilon
Fedhas
Gozag
Hepliaklqana
Kikubaaqudgha
Makhleb
Nemelex Xobeh
Okawaru
Qazlal
Ru
Sif Muna
Trog
Uskayaw
Vehumet
Wu Jian
Xom
Yredelemnul
Zin
The Shining One
Beogh
Jiyva
Lugonu

Shops:
D:1 [   D:3 :   D:11 !   Orc:2 :*?[=   Elf:3 [[(   Snake:3 ?   Vaults:1 =*
Vaults:2 [   Vaults:4 =   Vaults:5 ?!   Depths:2 ?

Portals:
Hell: Depths:1 Depths:2 Depths:3 Depths:4
Abyss: Depths:3
Pandemonium: Depths:1 Depths:2


Innate Abilities, Weirdness & Mutations

You have a pair of horns on your head.
You reflexively headbutt those who attack you in melee.
You are partially covered in iridescent scales. (AC +2)
You are partially covered in large bone plates. (SH +4)
Your mind is very acute. (Int +4)
You occasionally shout uncontrollably at your foes.
Your muscles are strong. (Str +2)
Your spells are a little easier to cast, but a little less powerful.


Message History

The tormentor is almost dead.
You barely miss the elemental wellspring.
You slash the water elemental!
The tormentor splashes around in the water. x2
You block the water elemental's attack.
An Ice Fiend comes into view.
You carve the tormentor like a ham!!!
You kill the tormentor!
Okawaru accepts your kill.
You hit the elemental wellspring but do no damage.
You slice the iron giant simulacrum!!
The iron giant simulacrum convulses!
You slash the water elemental!
You destroy the water elemental!
The water elemental disappears in a puff of smoke!
You hit the iron giant simulacrum.
The iron giant simulacrum convulses.
You headbutt the iron giant simulacrum!
The iron giant simulacrum vaporises!
Okawaru accepts your kill.
You slash the elemental wellspring!
Water spirits pour forth from the elemental wellspring!
A torrent of water rises up through the elemental wellspring!
You block the torrent of water.
The wave splashes down.
A frost giant comes into view.
It is wielding a +2 battleaxe of freezing.
The tormentor splashes around in the water. x2
A torrent of water rises up through the elemental wellspring!
You block the torrent of water.
The wave splashes down.
The Ice Fiend gestures at you. The bolt of cold hits you! You resist.
* * * LOW HITPOINT WARNING * * *
Water spirits pour forth from the elemental wellspring!
You slice the tormentor!!
The tormentor convulses!
The tormentor is almost dead.
You slice the water elemental!!
You are engulfed in freezing vapours.
You resist.
* * * LOW HITPOINT WARNING * * *
The tormentor splashes around in the water.
You block the tormentor's attack.
A torrent of water rises up through the elemental wellspring!
The torrent of water hits you!!
You die...

≈≈≈≈≈≈≈≈≈≈.....
≈≈≈≈≈≈≈≈.≈≈≈≈≈.≈≈
≈≈≈≈≈≈≈.E≈≈≈≈≈≈≈≈≈
≈≈≈≈≈≈..≈≈≈1..Z≈≈≈
..≈C≈...EEE○.≈≈≈≈≈
....≈≈.∩≈≈≈≈≈≈≈≈≈≈
###...≈≈....≈≈≈≈≈#
###..≈≈○≈≈≈≈≈≈≈#
##..≈@≈≈≈≈≈#
##...2○E≈≈≈##
#....EEE≈≈##
.....#≈≈≈≈≈#
######≈≈≈≈##
##≈≈≈# #≈≈## ####


You could see a frost giant, an Ice Fiend, 3 elemental wellsprings, 5 water
elementals, a tormentor (unsilenced) and a caustic shrike simulacrum.

Vanquished Creatures
  Cerebov (Pan)
  Asmodeus (Geh:7)
  the Royal Jelly (Arena)
  9 pandemonium lords
  Tiamat (Zot:1)
  3 dread liches
  7 ancient liches
  An orb of fire (Zot:1)
  6 shard shrikes
  Bai Suzhen (Vaults:2)
  Saint Roka (Depths:4)
  5 caustic shrikes (Depths:3)
  the Enchantress (Arena)
  Geryon (Hell)
  Nikola (Elf:2)
  3 golden dragons
  7 bone dragons
  5 Tzitzimimeh (Pan)
  2 profane servitors
  2 doom hounds (Geh:2)
  2 Hell Sentinels
  14 hellephants
  21 Brimstone Fiends
  10 tentacled monstrosities
  Rupert (D:15)
  9 Ice Fiends
  33 searing wretches
  8 titans
  A walking earthen tome (Depths:3)
  3 liches
  A walking divine tome (Depths:4)
  5 deep elf blademasters
  3 deep elf master archers
  5 quicksilver dragons
  The ghost of Icukitah the Executioner, an adept HOFi of Okawaru (Shoals:1)
  17 acid blobs
  10 Executioners
  5 tentacled starspawn
  4 death cobs (Zot:1)
  9 sphinxes
  11 tengu reavers
  6 shadow dragons
  The ghost of Kaerusk the Unseen, an adept KoBe of Trog (Shoals:1)
  A thorn hunter (Snake:3)
  Kirke (D:15)
  Roxanne (Arena)
  5 storm dragons
  Donald (Vaults:2)
  19 fire giants
  5 draconian monks
  10 azure jellies
  6 draconian knights (Zot:1)
  3 nagarajas (Snake:4)
  2 iron dragons (Vaults:5)
  16 rockslimes
  12 demonspawn warmongers
  16 vault wardens
  59 balrugs
  9 ghost moths (Pan)
  3 imperial myrmidons (Desolation)
  7 narguns
  9 frost giants
  2 shard shrike simulacra (Coc:5)
  2 orc warlords
  2 draconian scorchers
  2 draconian shifters (Zig:6)
  12 deep elf sorcerers
  Aizul (Snake:4)
  9 cacodemons
  5 spriggan defenders
  2 caustic shrike zombies
  4 deep elf elementalists (Elf:3)
  22 very ugly things
  A broodmother (shapeshifter) (Abyss:5)
  5 draconian annihilators (Zot:1)
  The ghost of Opsifuid the Severer, a journeyman BaBe of Trog (Elf:2)
  17 reapers
  9 quicksilver oozes
  2 war gargoyles (Vaults:5)
  20 ironbound preservers
  3 draconian stormcallers
  The ghost of turdburglar the Warrior, a journeyman HOFi of Beogh (Lair:3)
  8 ironbound thunderhulks
  7 demonspawn blood saints (Pan)
  24 elemental wellsprings
  14 stone giants
  2 green draconians (Zot:1)
  10 deep elf demonologists
  9 demonspawn corrupters (Pan)
  6 black draconians
  A vampire knight (Depths:3)
  4 putrid mouths
  14 demonspawn black suns (Pan)
  7 purple draconians (Zot:1)
  5 dire elephants
  6 wendigos
  12 deep elf annihilators
  4 red draconians
  5 white draconians
  6 yellow draconians
  17 lorocyprocas (Pan)
  5 spark wasps
  2 halazid warlocks (Desolation)
  6 entropy weavers
  A minotaur (Gauntlet)
  10 blizzard demons
  16 ettins
  6 merfolk javelineers
  8 merfolk impalers
  11 green deaths (Pan)
  10 deep elf death magi
  An iron golem (Hell)
  7 ragged hierophants (Desolation)
  Snorg (D:12)
  4 crystal guardians
  3 fire dragons
  12 yaktaur captains
  6 deep elf high priests
  6 jiangshi
  A quicksilver dragon zombie (Hell)
  11 great orbs of eyes
  10 hydras
  8 ogre magi
  2 boulder beetles
  9 salamander tyrants
  5 caustic shrike simulacra
  5 rakshasas
  A jorogumo (shapeshifter) (Abyss:5)
  10 hell beasts
  5 ice dragons
  5 peacekeepers
  3 spriggan skeletons (Depths:1)
  26 vault guards
  2 alligator snapping turtles (Shoals:4)
  A catoblepas (D:14)
  4 juggernaut simulacra
  12 naga warriors
  8 stokers
  10 anacondas
  4 spriggan air magi
  3 death knights
  6 servants of whispers (Desolation)
  9 centaur warriors
  2 satyrs (shapeshifter)
  8 ironbound frosthearts
  5 merfolk aquamancers
  Erica (D:8)
  8 satyrs
  2 alligators (Snake:3)
  6 deep troll earth magi
  A merfolk avatar (Shoals:2)
  9 tengu warriors
  19 two-headed ogres
  4 deep troll shamans
  A death yak (Lair:2)
  5 vampire magi
  A titan zombie (Vaults:4)
  32 dancing weapons
  An orc high priest (Elf:1)
  The ghost of Zuaneney the Transmogrifier, a novice OpTm of Cheibriados (Lair:1)
  13 thrashing horrors
  10 naga sharpshooters
  6 holy swine (Pan)
  33 hell hogs
  6 shock serpents
  6 spriggan berserkers
  2 crystal echidnas (Hell)
  29 soul eaters
  8 wretched stars
  Nergalle (D:10)
  3 fire crabs (Geh:2)
  2 titan skeletons
  30 deep elf knights
  107 sun demons
  9 iron trolls
  6 hell knights
  A spatial maelstrom (Abyss:4)
  5 salamander mystics
  12 sixfirhies (Pan)
  11 shadow demons
  3 flayed ghosts
  3 glowing orange brains
  16 sea snakes
  5 skeletal warriors
  58 deep trolls
  An elf simulacrum (Coc:2)
  2 golden dragon zombies
  2 spriggan simulacra
  2 naga ritualists
  2 quicksilver dragon simulacra
  13 wizards
  7 phantasmal warriors
  3 swamp dragons
  26 harpies
  15 deep elf archers
  2 orange crystal statues
  A harpy (shapeshifter) (Depths:2)
  19 ironbound convokers
  3 tengu zombies (Hell)
  A fenstrider witch simulacrum (Coc:2)
  17 lindwurms
  4 obsidian statues
  2 bog bodies (Shoals:1)
  28 deep elf pyromancers
  A spectral spriggan (Zig:5)
  4 shining eyes
  33 deep elf zephyrmancers
  31 fauns
  7 necromancers
  2 frost giant zombies (Hell)
  5 mana vipers
  51 ugly things
  A fire giant zombie (Depths:3)
  An orc sorcerer (Vaults:5)
  A will-o-the-wisp (Abyss:1)
  10 orc knights
  A glowing shapeshifter (Vaults:5)
  19 manticores
  2 human zombies (Vaults:4)
  10 salamanders
  A stone giant zombie (Hell)
  2 worldbinders
  15 elephants
  6 moths of wrath (Zot:1)
  2 rust devils
  2 fire giant skeletons
  An ice statue (Shoals:1)
  12 merfolk sirens
  17 cyclopes
  3 stone giant skeletons
  21 vault sentinels
  4 water nymphs
  5 eyes of devastation
  15 naga magi
  29 orange demons
  An apocalypse crab (Abyss:5)
  A black mamba (shapeshifter) (Zig:1)
  5 guardian serpents
  A gargoyle (Bailey)
  2 torpor snails
  32 black mambas
  2 titan simulacra
  3 molten gargoyles (Hell)
  38 smoke demons
  A storm dragon simulacrum (Coc:1)
  A spark wasp simulacrum (Depths:3)
  A cane toad (shapeshifter) (Elf:2)
  18 cane toads
  21 komodo dragons
  20 hellions
  31 yaktaurs
  Maggie (D:8)
  2 kobold demonologists (D:9)
  2 unseen horrors
  9 efreet
  18 demonic crawlers
  4 spriggan zombies
  17 tormentors
  9 freezing wraiths
  An iron giant simulacrum (Coc:6)
  28 rime drakes
  4 anaconda simulacra
  A bunyip simulacrum (Coc:2)
  A queen bee (shapeshifter) (Vaults:5)
  2 golden dragon simulacra
  5 ice devils
  10 red devils
  3 guardian mummies (Zig:3)
  6 meliai
  3 trolls
  19 polar bears
  8 ancient zymes
  11 hellwings
  7 tengu conjurers
  30 merfolk
  2 tyrant leeches (Snake:3)
  A meliai (shapeshifter) (Zig:1)
  A tarantella (Vaults:4)
  6 wind drakes
  2 hornets
  13 snapping turtles
  47 saltlings (Desolation)
  2 hornets (shapeshifter)
  25 blink frogs
  An iron dragon simulacrum (Coc:4)
  11 raiju
  11 dream sheep
  57 slime creatures
  2 ettin zombies (Hell)
  A slime creature (shapeshifter) (Vaults:3)
  4 air elementals
  A stone giant simulacrum (Coc:3)
  17 starcursed masses (Abyss:5)
  15 flying skulls
  2 naga simulacra
  A jumping spider (Vaults:1)
  A culicivora (Vaults:1)
  6 vampires
  An ettin skeleton (D:15)
  15 water elementals
  4 wraiths
  4 shadows
  4 spriggans
  4 wyverns
  63 ynoxinuls
  2 hogs (D:15)
  37 yaks
  4 humans (D:15)
  5 fire elementals
  31 large abominations
  3 alligator snapping turtle simulacra
  9 basilisks
  10 fire bats
  12 neqoxecs
  2 steam dragons (D:8)
  2 ushabtiu (Zig:3)
  6 dire elephant simulacra
  18 golden eyes
  16 vampire mosquitoes
  15 chaos spawn
  4 redbacks
  4 wargs
  A redback (shapeshifter) (Vaults:5)
  A spatial vortex (Abyss:5)
  41 nagas
  8 harpy simulacra
  3 swamp worms (Snake:3)
  3 acid dragons
  A swamp worm (shapeshifter) (Vaults:5)
  11 hell hounds
  An acid dragon (shapeshifter) (Abyss:1)
  34 orc warriors
  A hydra simulacrum (Hell)
  5 floating eyes
  20 water moccasins
  6 small abominations
  2 ice beasts
  2 sky beasts
  2 necrophages
  33 ogres
  2 black bears
  2 ettin simulacra
  4 swamp drakes
  9 wolves
  An ice dragon simulacrum (Coc:1)
  14 centaurs
  4 phantoms
  8 kobold brigands
  14 bullfrogs
  3 scorpions
  A gnoll sergeant (D:9)
  An earth elemental (Elf:2)
  2 troll zombies (D:10)
  A swamp dragon simulacrum (Coc:1)
  15 killer bees
  5 vampire bats (Bailey)
  8 wights
  2 howler monkeys
  6 wolf zombies (Bailey)
  8 electric eels
  9 centaur zombies
  3 lava snakes
  5 quasits
  6 hounds
  2 jellies
  A gnoll shaman (D:7)
  16 orc priests
  A centaur skeleton (D:7)
  Jessica (D:3)
  Ijyb (D:3)
  8 iguanas
  22 orc wizards
  A scorpion zombie (D:5)
  A statue (D:6)
  A killer bee zombie (D:7)
  4 ogre zombies (D:10)
  A hound skeleton (D:5)
  A howler monkey zombie (D:7)
  18 gnolls
  7 adders
  10 shadow imps
  2 white imps
  An ufetubus (D:7)
  2 worms
  3 dart slugs
  60 orcs
  4 ball pythons
  An endoplasm (D:1)
  6 giant cockroaches
  9 goblins
  13 hobgoblins
  3 jackals (D:2)
  46 kobolds
  4 quokkas
  3 training dummies (Elf:2)
  9 bats
  5 frilled lizards
  A goblin skeleton (D:10)
  3 goblin zombies (D:10)
  An orc skeleton (D:10)
  32 orc zombies
  6 rats
  5 creeping infernos
  42 fire vortices
  A lurking horror (Abyss:5)
  A pillar of salt (Desolation)
  13 starspawn tentacles
3500 creatures vanquished.

Vanquished Creatures (others)
  A searing wretch (Geh:7)
  A ragged hierophant (Desolation)
  A caustic shrike simulacrum (Hell)
  3 stokers
  A naga sharpshooter (Snake:4)
  A deep elf knight (Elf:2)
  A fenstrider witch simulacrum (Coc:1)
  A spriggan simulacrum (Coc:1)
  A titan simulacrum (Coc:1)
  An anaconda simulacrum (Coc:1)
  An iron dragon simulacrum (Coc:2)
  A stone giant simulacrum (Coc:1)
  2 ynoxinuls (Pan)
  A harpy simulacrum (Coc:1)
  3 creeping infernos
  3 fire vortices
  20 fungi
  A pillar of salt (Desolation)
  235 plants
  7 starspawn tentacles
  5 withered plants
291 creatures vanquished.

Grand Total: 3791 creatures vanquished

Notes
Turn   | Place    | Note
-------+----------+-------------------------------------------
     0 | D:1      | Soldner the Minotaur Fighter began the quest for the Orb.
     0 | D:1      | Reached XP level 1. HP: 19/19 MP: 0/0
   120 | D:1      | Found Giesong's Antique Armour Shop.
   123 | D:1      | Reached XP level 2. HP: 27/27 MP: 1/1
   584 | D:1      | You fall into a shaft and drop 1 floor!
   926 | D:2      | Reached XP level 3. HP: 27/33 MP: 2/2
  1149 | D:2      | Reached XP level 4. HP: 40/41 MP: 3/3
  1802 | D:3      | Found a stormy altar of Qazlal.
  1949 | D:3      | Found Lywugoir's Book Shoppe.
  2064 | D:3      | Noticed Ijyb
  2072 | D:3      | Killed Ijyb
  2073 | D:3      | Reached XP level 5. HP: 42/47 MP: 4/4
  2210 | D:3      | Found a broken altar of Ashenzari.
  2383 | D:3      | Noticed Jessica
  2394 | D:3      | Killed Jessica
  2395 | D:3      | Reached skill level 5 in Armour
  2461 | D:4      | Reached skill level 5 in Fighting
  2639 | D:4      | Reached XP level 6. HP: 56/56 MP: 5/5
  2655 | D:4      | Reached skill level 5 in Axes
  2878 | D:4      | Found an ancient bone altar of Kikubaaqudgha.
  2982 | D:5      | Entered Level 5 of the Dungeon
  3263 | D:5      | Reached XP level 7. HP: 29/62 MP: 6/6
  3495 | D:5      | Reached skill level 1 in Invocations
  4097 | D:6      | Found a shimmering altar of Xom.
  4113 | D:6      | Reached XP level 8. HP: 70/70 MP: 8/8
  4835 | D:6      | Found a radiant altar of Vehumet.
  4914 | D:6      | Reached skill level 5 in Shields
  5276 | D:7      | Reached XP level 9. HP: 71/79 MP: 10/10
  5279 | D:7      | Reached skill level 1 in Dodging
  5285 | D:7      | Found a flagged portal.
  5299 | Bailey   | Entered a bailey
  5518 | Bailey   | Noticed a gargoyle
  5527 | Bailey   | Killed a gargoyle
  5528 | Bailey   | Reached skill level 10 in Axes
  6356 | Bailey   | Identified the +8 great sword of the Final Decision
                  | {freeze, rCorr Str+4}
  7088 | D:7      | Found a staircase to the Ecumenical Temple.
  7100 | Temple   | Entered the Ecumenical Temple
  7254 | Temple   | Became a worshipper of Warmaster Okawaru
  7344 | D:7      | Reached skill level 5 in Invocations
  7870 | D:8      | Noticed a two-headed ogre
  7897 | D:7      | Reached XP level 10. HP: 88/88 MP: 12/12
  8063 | D:8      | Reached * piety under Okawaru
  8168 | D:8      | Identified the +4 ring mail of Yneipsim {rF+ Will- Str+2
                  | SInv}
  8187 | D:8      | Noticed Maggie
  8199 | D:8      | Killed Maggie
  8456 | D:8      | Killed a two-headed ogre
  8594 | D:8      | Noticed Erica
  8601 | D:8      | Killed Erica
  8700 | D:8      | Reached ** piety under Okawaru
  8703 | D:8      | Noticed a cyclops
  8721 | D:8      | Killed a cyclops
  8722 | D:8      | Reached skill level 1 in Stealth
  8742 | D:8      | Identified the +6 scale mail of Nokeof {Will+++ Regen+
                  | Str-3 Dex-4}
  8869 | D:8      | Noticed a manticore
  8877 | D:8      | Killed a manticore
  9077 | D:8      | Noticed a two-headed ogre
  9085 | D:8      | Killed a two-headed ogre
  9086 | D:8      | Reached XP level 11. HP: 95/95 MP: 13/15
  9394 | D:8      | Reached *** piety under Okawaru
  9683 | D:9      | Reached skill level 10 in Armour
 10904 | D:1      | Bought a cloak for 81 gold pieces
 11077 | D:10     | Entered Level 10 of the Dungeon
 11227 | D:10     | Found a staircase to the Lair.
 11448 | D:10     | Found a staircase to the Orcish Mines.
 11620 | D:10     | Reached **** piety under Okawaru
 11740 | D:10     | Noticed Nergalle
 11742 | D:10     | Noticed a spectral orc warlord
 11750 | D:10     | Killed Nergalle
 12398 | D:10     | Identified the +6 falchion of Absolution {elec, Int+3
                  | Dex+3}
 13063 | D:11     | Reached ***** piety under Okawaru
 13064 | D:11     | Reached XP level 12. HP: 71/106 MP: 17/17
 13360 | D:11     | Reached skill level 10 in Fighting
 13591 | D:11     | Found Okkerr's Distillery.
 14730 | D:12     | Noticed Snorg
 14741 | D:12     | Killed Snorg
 14741 | D:12     | Received a gift from Okawaru
 14963 | D:12     | Noticed a two-headed ogre
 14971 | D:12     | Killed a two-headed ogre
 15300 | D:12     | Found a blossoming altar of Fedhas.
 15724 | D:12     | Identified the +10 fustibalus of the Viper {flame, rC++
                  | Dex+2}
 15826 | Orc:1    | Entered Level 1 of the Orcish Mines
 16179 | Orc:2    | Entered Level 2 of the Orcish Mines
 16201 | Orc:2    | Found a gate leading to a gauntlet.
 16210 | Gauntlet | Entered a Gauntlet
 16210 | Gauntlet | Found a transporter.
 16210 | Gauntlet | Found a transporter.
 16214 | Gauntlet | Found a transporter.
 16215 | Gauntlet | Found a transporter.
 16216 | Gauntlet | Found a large runed translucent door.
 16217 | Gauntlet | Found a large runed translucent door.
 16218 | Gauntlet | Found a large runed translucent door.
 16218 | Gauntlet | Found a large runed translucent door.
 16218 | Gauntlet | Found a runed translucent door.
 16218 | Gauntlet | Found a runed translucent door.
 16219 | Gauntlet | Found a large runed translucent door.
 16219 | Gauntlet | Found a large runed translucent door.
 16219 | Gauntlet | Found a large runed translucent door.
 16219 | Gauntlet | Found a large runed translucent door.
 16220 | Gauntlet | Found a large runed translucent door.
 16221 | Gauntlet | Found a large runed translucent door.
 16223 | Gauntlet | Found a transporter.
 16267 | Gauntlet | Found a transporter.
 16284 | Gauntlet | Found a transporter.
 16298 | Gauntlet | Found a transporter.
 16301 | Gauntlet | Noticed a balrug
 16303 | Gauntlet | Found a runed translucent gate.
 16314 | Gauntlet | Found a large runed translucent door.
 16315 | Gauntlet | Found a large runed translucent door.
 16338 | Gauntlet | Found a transporter.
 16413 | Gauntlet | Found a transporter.
 16429 | Gauntlet | Found a transporter.
 16446 | Gauntlet | Found a transporter.
 16458 | Gauntlet | Found a transporter.
 16463 | Gauntlet | Noticed a death scarab
 16476 | Gauntlet | Found a transporter.
 16477 | Gauntlet | Noticed a death scarab
 16570 | Gauntlet | Found a large runed translucent door.
 16571 | Gauntlet | Found a large runed translucent door.
 16571 | Gauntlet | Found a large runed translucent door.
 16573 | Gauntlet | Found a runed translucent gate.
 16574 | Gauntlet | Found a runed translucent gate.
 16576 | Gauntlet | Found a transporter.
 16576 | Gauntlet | Found a transporter.
 16597 | Gauntlet | Found a large runed translucent door.
 16947 | Gauntlet | Identified the +0 hat of the Swan {Rampage rF+}
 16994 | Gauntlet | Killed a balrug
 16995 | Gauntlet | Reached skill level 15 in Axes
 17051 | Gauntlet | Noticed a minotaur
 17065 | Gauntlet | Killed a minotaur
 17156 | Gauntlet | Got Turan's Reference Book on Mutagenic Beguiling
 17274 | Orc:2    | Found a staircase to the Elven Halls.
 17521 | Orc:2    | Noticed an ogre mage
 17527 | Orc:2    | Noticed an ogre mage
 17533 | Orc:2    | Noticed a two-headed ogre
 17536 | Orc:2    | Killed an ogre mage
 17536 | Orc:2    | Noticed a two-headed ogre
 17542 | Orc:2    | Killed an ogre mage
 17545 | Orc:2    | Killed a two-headed ogre
 17546 | Orc:2    | Reached XP level 13. HP: 110/115 MP: 19/19
 17546 | Orc:2    | Found Sowefeda's Book Boutique.
 17546 | Orc:2    | Found Imoat's Magic Scroll Emporium.
 17546 | Orc:2    | Found Zorchod's General Store.
 17546 | Orc:2    | Found Odemig's Antique Armour Shop.
 17551 | Orc:2    | Reached skill level 10 in Shields
 17573 | Orc:2    | Reached skill level 10 in Invocations
 17581 | Orc:2    | Identified the +6 plate armour of the Four Nights {rC-
                  | Int+4 Slay+2 SInv} (Okawaru gifted it to you on level 2 of
                  | the Orcish Mines)
 17581 | Orc:2    | Received a gift from Okawaru
 17896 | Orc:2    | Found Hoarghiv's Jewellery Boutique.
 17920 | Orc:2    | Bought the amulet of Lyket {Regen+ Str+3 Int+2 Slay+3} for
                  | 961 gold pieces
 18110 | Orc:2    | Found a shimmering blue altar of Sif Muna.
 19247 | D:13     | Received a gift from Okawaru
 19250 | D:13     | Reached skill level 1 in Evocations
 19951 | D:14     | Reached XP level 14. HP: 125/127 MP: 21/21
 19955 | D:14     | Noticed an ironbound preserver
 19972 | D:14     | Killed an ironbound preserver
 20059 | D:14     | Received a gift from Okawaru
 20141 | D:14     | Found a gate to the Vaults.
 20147 | D:14     | Found the +7 pair of quick blades "Gyre" and "Gimble"
                  | {protect}
 20784 | D:15     | Entered Level 15 of the Dungeon
 20797 | D:15     | Noticed Kirke
 20809 | D:15     | Killed Kirke
 21210 | D:15     | Noticed Rupert
 21224 | D:15     | Killed Rupert
 21253 | D:15     | Found a staircase to the Depths.
 21503 | D:15     | Noticed Roxanne
 21506 | Arena    | Entered the Arena
 21517 | Arena    | Killed Roxanne
 21607 | D:15     | Identified the +0 pair of gloves of the Seventy-Seven Beds
                  | {Fly rF+ Regen+ Str+3} (Okawaru gifted it to you on level
                  | 15 of the Dungeon)
 21607 | D:15     | Received a gift from Okawaru
 22694 | Orc:2    | Got Sif Muna's Compendium of Envenoming
 22810 | Orc:2    | Bought the amulet of the Four Winds {rN+ Will+++ Clar} for
                  | 702 gold pieces
 22810 | Orc:2    | Found the amulet of the Four Winds {rN+ Will+++ Clar}
 22897 | Lair:1   | Entered Level 1 of the Lair of Beasts
 23076 | Lair:1   | Found a runed translucent gate.
 23077 | Lair:1   | Found a runed translucent gate.
 23078 | Lair:1   | Found a runed translucent gate.
 23081 | Lair:1   | Noticed Zuaneney's ghost (novice OpTm)
 23689 | Lair:1   | Killed Zuaneney's ghost
 23737 | Lair:2   | Found a staircase to the Shoals.
 23798 | Lair:2   | Reached XP level 15. HP: 137/137 MP: 22/22
 24922 | Lair:3   | Received a gift from Okawaru
 25058 | Lair:3   | Found a runed translucent door.
 25060 | Lair:3   | Identified the +10 spear "Egebb" {drain, rF+ Str+4}
 25061 | Lair:3   | Noticed turdburglar's ghost (journeyman HOFi)
 25612 | Lair:3   | Killed turdburglar's ghost
 25613 | Lair:3   | Reached skill level 15 in Armour
 26194 | Lair:4   | Found a staircase to the Snake Pit.
 26351 | Lair:4   | Identified the +7 ring mail of Vehumet's Whim {*Slow Will+
                  | Int+2 SInv}
 26815 | Lair:5   | Found a runed translucent door.
 26815 | Lair:5   | Found a viscous altar of Jiyva.
 26815 | Lair:5   | Noticed an acid blob
 26817 | Lair:5   | Noticed an acid blob
 27061 | Lair:5   | Found a staircase to the Slime Pits.
 27122 | Lair:5   | Noticed an acid blob
 27178 | Lair:5   | Killed an acid blob
 27179 | Lair:5   | Reached skill level 15 in Fighting
 27181 | Lair:5   | Killed an acid blob
 27188 | Lair:5   | Killed an acid blob
 27276 | Lair:6   | Entered Level 6 of the Lair of Beasts
 27281 | Lair:6   | Identified the +0 quick blade of Okawaru {antimagic, +Blink
                  | Will+} (Okawaru gifted it to you on level 6 of the Lair of
                  | Beasts)
 27281 | Lair:6   | Received a gift from Okawaru
 27595 | Lair:6   | Reached XP level 16. HP: 142/149 MP: 24/24
 27786 | Lair:6   | Identified a scroll of acquirement
 27787 | Lair:6   | Acquired the +2 cloak of the Game of Kings {rElec}
 28332 | Shoals:1 | Entered Level 1 of the Shoals
 28413 | Shoals:1 | Found a frozen archway.
 28432 | IceCv    | Entered an ice cave
 28485 | IceCv    | Reached ****** piety under Okawaru
 28737 | IceCv    | Identified the +1 hat of Festooned Mirth {rPois rC+ Str-3
                  | Int+3} (Okawaru gifted it to you in an ice cave)
 28737 | IceCv    | Received a gift from Okawaru
 28883 | IceCv    | Identified the ring "Luanee" {rC++ Will+ Int+3 Slay+3
                  | Stlth-}
 29176 | IceCv    | Reached skill level 15 in Shields
 29268 | IceCv    | Identified the +2 acid dragon scales of the Moon {-Tele
                  | rCorr Str+6}
 29334 | Arena    | Entered the Arena
 29501 | Shoals:1 | Identified the ring "Zock" {Fire rElec rPois Str-3 Stlth+}
 29542 | Shoals:1 | Found a runed translucent gate.
 29542 | Shoals:1 | Found a runed translucent gate.
 29548 | Shoals:1 | Found a runed translucent gate.
 29549 | Shoals:1 | Noticed Icukitah's ghost (adept HOFi)
 29550 | Shoals:1 | Noticed Kaerusk's ghost (adept KoBe)
 30328 | Shoals:2 | Received a gift from Okawaru
 30727 | Arena    | Entered the Arena
 30736 | Arena    | Reached XP level 17. HP: 159/159 MP: 19/26
 31802 | Shoals:3 | Identified the amulet of the Pharaoh's Fist {Faith Fly rN+
                  | Int+4}
 32278 | Shoals:4 | Entered Level 4 of the Shoals
 32294 | Shoals:4 | Identified the -7 pair of boots of the Eight Xalams {rCorr
                  | Dex+2} (Okawaru gifted it to you on level 4 of the Shoals)
 32294 | Shoals:4 | Received a gift from Okawaru
 32301 | Arena    | Entered the Arena
 32347 | Arena    | Entered the Arena
 32373 | Arena    | Entered the Arena
 32403 | Arena    | Entered the Arena
 32611 | Shoals:4 | Got a barnacled rune of Zot
 32621 | Shoals:4 | Identified the +6 battleaxe "Wirghadyt" {holy, rElec rPois
                  | rF++ Str+4}
 32823 | Shoals:4 | Identified the amulet of Jikoben {Acrobat -Cast rC+ Will+}
 33915 | Shoals:1 | Killed Icukitah's ghost
 33923 | Shoals:1 | Killed Kaerusk's ghost
 33924 | Shoals:1 | Reached XP level 18. HP: 115/162 MP: 21/28
 34578 | Depths:1 | Entered Level 1 of the Depths
 34696 | Depths:1 | Noticed the Enchantress
 34697 | Arena    | Entered the Arena
 34721 | Arena    | Killed the Enchantress
 34722 | Arena    | Reached skill level 15 in Invocations
 35153 | Depths:1 | Found a one-way gate leading to the halls of Pandemonium.
 35179 | Depths:1 | Received a gift from Okawaru
 35315 | Depths:1 | Noticed a hellephant
 35329 | Depths:1 | Found a gateway to Hell.
 35330 | Depths:1 | Noticed a hellephant
 35355 | Depths:1 | Killed a hellephant
 35364 | Depths:1 | Killed a hellephant
 35854 | Depths:1 | Identified the +4 broad axe of Equivalence {vamp, rPois rF-
                  | Str+5} (Okawaru gifted it to you on level 1 of the Depths)
 35854 | Depths:1 | Received a gift from Okawaru
 35999 | Depths:2 | Noticed a tentacled monstrosity
 36009 | Depths:2 | Killed a tentacled monstrosity
 36011 | Depths:2 | Found a one-way gateway to a ziggurat.
 36013 | Depths:2 | Paralysed by a floating eye for 4 turns
 36018 | Arena    | Entered the Arena
 36042 | Depths:2 | Paralysed by a floating eye for 3 turns
 36052 | Depths:2 | Paralysed by a floating eye for 2 turns
 36231 | Depths:2 | Found Bolaunk's Magic Scroll Shop.
 36236 | Arena    | Entered the Arena
 36279 | Depths:2 | Reached XP level 19. HP: 172/174 MP: 21/29
 36301 | Depths:2 | Bought a scroll of brand weapon for 260 gold pieces
 36328 | Depths:2 | Received a gift from Okawaru
 36508 | Depths:2 | Noticed a golden dragon
 36518 | Depths:2 | Killed a golden dragon
 36523 | Depths:2 | Paralysed by a floating eye for 3 turns
 36535 | Arena    | Entered the Arena
 36544 | Depths:2 | Paralysed by a floating eye for 3 turns
 36607 | Zig:1    | Entered Level 1 of a ziggurat
 36732 | Zig:2    | Entered Level 2 of a ziggurat
 36733 | Zig:2    | Noticed Sukiuna the pandemonium lord
 36764 | Zig:2    | Killed Sukiuna the pandemonium lord
 36830 | Zig:3    | Entered Level 3 of a ziggurat
 36924 | Zig:4    | Entered Level 4 of a ziggurat
 36995 | Zig:5    | Entered Level 5 of a ziggurat
 36999 | Zig:5    | Noticed a profane servitor
 37000 | Zig:5    | Noticed a bone dragon
 37012 | Zig:5    | Killed a profane servitor
 37019 | Zig:5    | Killed a bone dragon
 37043 | Zig:5    | Got the Collected Works on the Mountains and Lightness
 37090 | Zig:6    | Entered Level 6 of a ziggurat
 37690 | Depths:3 | Found a corrupted altar of Lugonu.
 37690 | Depths:3 | Found a one-way gate to the infinite horrors of the Abyss.
 37760 | Depths:3 | Noticed a caustic shrike
 37766 | Depths:3 | Noticed a caustic shrike
 37769 | Depths:3 | Noticed a caustic shrike
 37772 | Depths:3 | Noticed a caustic shrike
 37775 | Depths:3 | Noticed a caustic shrike
 37777 | Depths:3 | Killed a caustic shrike
 37779 | Depths:3 | Killed a caustic shrike
 37779 | Depths:3 | Received a gift from Okawaru
 37779 | Depths:3 | Killed a caustic shrike
 37781 | Depths:3 | Killed a caustic shrike
 37785 | Depths:3 | Killed a caustic shrike
 37813 | Depths:3 | Identified the +1 robe of the Carpenter {Str+2 Dex-5 SInv}
 37978 | Depths:3 | Reached XP level 20. HP: 190/193 MP: 31/31
 38133 | Depths:3 | Found an opulent altar of Gozag.
 38646 | Depths:4 | Entered Level 4 of the Depths
 38668 | Depths:4 | Noticed a bone dragon
 38686 | Depths:4 | Killed a bone dragon
 38741 | Depths:4 | Found a gate to the Realm of Zot.
 38762 | Depths:4 | Received a gift from Okawaru
 38766 | Depths:4 | Noticed a bone dragon
 38774 | Depths:4 | Killed a bone dragon
 38952 | Depths:4 | Noticed Saint Roka
 38978 | Depths:4 | Killed Saint Roka
 40121 | Orc:2    | Bought a ring of poison resistance for 320 gold pieces
 40284 | D:11     | Bought 2 potions of heal wounds for 170 gold pieces
 40284 | D:11     | Bought 2 potions of haste for 340 gold pieces
 40284 | D:11     | Bought a potion of mutation for 136 gold pieces
 40284 | D:11     | Bought a potion of curing for 51 gold pieces
 40476 | Snake:1  | Entered Level 1 of the Snake Pit
 40516 | Snake:1  | Identified the amulet "Jivaj" {RegenMP Fragile rN++ Int+4
                  | Slay+3}
 40803 | Snake:1  | Identified the +2 hat of Lifelessness {rN+ MP+9} (Okawaru
                  | gifted it to you on level 1 of the Snake Pit)
 40803 | Snake:1  | Received a gift from Okawaru
 41616 | Snake:3  | Identified the +1 ring mail of Evolution {rC- Will+++ Dex+3
                  | Slay-3}
 42194 | Snake:3  | Reached XP level 21. HP: 204/204 MP: 26/32
 42304 | Snake:3  | Found Paiwkoin's Magic Scroll Shop.
 42315 | Snake:3  | Bought a scroll of enchant weapon for 112 gold pieces
 42316 | Snake:3  | Bought 3 scrolls of enchant weapon for 337 gold pieces
 42469 | Snake:4  | Entered Level 4 of the Snake Pit
 42469 | Snake:4  | Noticed Aizul
 42477 | Snake:4  | Killed Aizul
 42503 | Snake:4  | Found a sacrificial altar of Ru.
 43291 | Snake:4  | Got a serpentine rune of Zot
 43592 | Snake:3  | Bought a scroll of magic mapping for 52 gold pieces
 43761 | Elf:1    | Entered Level 1 of the Elven Halls
 43770 | Elf:1    | Received a gift from Okawaru
 44205 | Elf:1    | You are sucked into a shaft and drop 1 floor!
 44257 | Elf:2    | Received a gift from Okawaru
 44316 | Elf:2    | Paralysed by an air elemental for 1 turns
 44320 | Elf:2    | Paralysed by an air elemental for 1 turns
 44343 | Elf:2    | Found a runed translucent gate.
 44343 | Elf:2    | Found a runed translucent gate.
 44343 | Elf:2    | Found a runed translucent gate.
 44358 | Elf:2    | Found a radiant altar of Vehumet.
 44389 | Elf:2    | Found a flickering gateway to a bazaar.
 44401 | Bazaar   | Entered a bazaar
 44406 | Bazaar   | Found Fyabruri's Jewellery Boutique.
 44424 | Bazaar   | Found Avieclen's Antique Armour Shoppe.
 44442 | Bazaar   | Found Ipaipt's Assorted Antiques.
 44460 | Bazaar   | Found Obyahen's Magic Scroll Emporium.
 44629 | Elf:2    | Noticed Opsifuid's ghost (journeyman BaBe)
 44639 | Elf:2    | Killed Opsifuid's ghost
 44886 | Elf:2    | Found a runed translucent gate.
 44887 | Elf:2    | Found a runed translucent gate.
 44887 | Elf:2    | Found a runed translucent gate.
 44941 | Elf:2    | Found a radiant altar of Vehumet.
 45108 | Elf:2    | Reached XP level 22. HP: 214/215 MP: 34/34
 45126 | Elf:2    | Noticed Nikola
 45140 | Elf:2    | Killed Nikola
 45567 | Elf:1    | Found a runed translucent gate.
 45567 | Elf:1    | Found a runed translucent gate.
 45570 | Elf:1    | Found a runed translucent gate.
 45699 | Elf:1    | Got the Tome of Attacks and the Entourage
 45991 | Elf:3    | Entered Level 3 of the Elven Halls
 45998 | Elf:3    | Found Muumor's Weapon Emporium.
 46108 | Arena    | Entered the Arena
 46130 | Elf:3    | Received a gift from Okawaru
 46135 | Arena    | Entered the Arena
 46172 | Arena    | Entered the Arena
 46343 | Elf:3    | Got the Incunabulum of the Spatial Snowflakes
 46357 | Arena    | Entered the Arena
 46369 | Elf:3    | Identified the +2 trident "Siwaso Moch" {freeze, Will+
                  | Dex+2}
 46512 | Elf:3    | Found the ring of the Octopus King
 46542 | Elf:3    | Identified the +7 war axe "Tol Kico" {vorpal, Will+ rCorr}
 46548 | Elf:3    | Identified a ring of the Octopus King {rN+ AC+1 EV+1 Str+1
                  | Int+1 Dex+1}
 46555 | Elf:3    | Identified the +4 flail of Idoesch {spect, rF- rN+ Int+2}
 46668 | Elf:3    | Identified the +0 crystal plate armour of Unambiguity
                  | {Str+4 Dex+2} (Okawaru gifted it to you on level 3 of the
                  | Elven Halls)
 46668 | Elf:3    | Received a gift from Okawaru
 46780 | Elf:3    | Identified the +9 plate armour of Immorality {rC+ Stlth+}
 46787 | Elf:3    | Got Sif Muna's Tome of Flying Curses
 46822 | Elf:3    | Acquired 798 gold pieces
 46982 | Elf:3    | Found Nebaw's Antique Armour Emporium.
 47120 | Elf:3    | Found Narapu's Antique Armour Shop.
 47129 | Elf:3    | Bought a shiny tower shield for 255 gold pieces
 47580 | Orc:2    | Bought a scroll of enchant armour for 90 gold pieces
 47580 | Orc:2    | Bought a scroll of enchant armour for 90 gold pieces
 47765 | Vaults:1 | Entered Level 1 of the Vaults
 48364 | Vaults:1 | Found Meyshruno's Jewellery Boutique.
 48748 | Vaults:1 | Reached skill level 5 in Dodging
 48886 | Vaults:1 | Found Babarin's Assorted Antiques.
 48894 | Vaults:1 | Bought a scroll of brand weapon for 740 gold pieces
 48964 | Vaults:2 | Noticed Donald
 48977 | Vaults:2 | Killed Donald
 49113 | Vaults:2 | Reached XP level 23. HP: 227/227 MP: 35/35
 49276 | Vaults:2 | Reached skill level 27 in Axes
 49519 | Vaults:2 | Found Bowur's Armour Shop.
 49598 | Vaults:2 | Noticed Bai Suzhen
 49608 | Vaults:2 | Killed Bai Suzhen
 50707 | Vaults:3 | Found a staircase to the Crypt.
 50934 | Vaults:3 | Received a gift from Okawaru
 51712 | Vaults:3 | Found a transporter.
 51723 | Vaults:3 | Found a transporter.
 51953 | Vaults:4 | Found a crumbling gateway.
 51962 | Desolati | Entered the Desolation of Salt
 52076 | Desolati | Identified the ring "Yzorepn" {rElec MP+9}
 52122 | Desolati | Identified the +4 broad axe of the Distant Future {drain,
                  | *Rage rPois Stlth+} (Okawaru gifted it to you in the
                  | Desolation of Salt)
 52122 | Desolati | Received a gift from Okawaru
 52418 | Desolati | Identified the +0 plate armour of Claustrophobia {rC+ rN+
                  | Regen+ Int-3}
 52419 | Desolati | Identified the +0 pair of gloves "Jits" {rN+ Int+4 Stlth-}
 52457 | Desolati | Reached XP level 24. HP: 230/240 MP: 36/36
 52464 | Desolati | Got the Handbook of the Dragonfly
 53102 | Vaults:4 | Received a gift from Okawaru
 53186 | Vaults:4 | Found Boigraan's Jewellery Shop.
 53781 | Vaults:5 | Entered Level 5 of the Vaults
 53794 | Vaults:5 | Identified the +9 ring mail of Hipivez {Harm rF- rCorr
                  | Str+2} (Okawaru gifted it to you on level 5 of the Vaults)
 53794 | Vaults:5 | Received a gift from Okawaru
 53969 | Vaults:5 | Noticed an ancient lich
 53978 | Vaults:5 | Killed an ancient lich
 53988 | Vaults:5 | Noticed an ancient lich
 54010 | Vaults:5 | Killed an ancient lich
 54024 | Vaults:5 | Identified the +1 chain mail of Protective Custody {rF++
                  | MP+9 Str-5 Stlth+}
 54027 | Vaults:5 | Identified the +1 plate armour of Qoylyps {rCorr Int-2
                  | SInv}
 54218 | Vaults:5 | Found Uhul's Distillery.
 54253 | Vaults:5 | Got a silver rune of Zot
 54280 | Vaults:5 | Found Job Fos's Magic Scroll Boutique.
 54454 | Vaults:5 | Received a gift from Okawaru
 54501 | Vaults:5 | Reached XP level 25. HP: 255/255 MP: 34/36
 54529 | Vaults:5 | Found the +2 hat of the Bear Spirit {Spirit, *Rage Will++}
 54561 | Vaults:5 | Noticed a dread lich
 54568 | Vaults:5 | Killed a dread lich
 54726 | Vaults:5 | Got Khufu's Grimoire of Evil
 55304 | Vaults:1 | Bought a ring of resist corrosion for 280 gold pieces
 55600 | Slime:1  | Entered Level 1 of the Pits of Slime
 55926 | Slime:2  | Reached skill level 27 in Fighting
 56131 | Slime:4  | Gained mutation: You have supernaturally acute eyesight.
                  | (SInv) [a shining eye]
 56149 | Slime:5  | Entered Level 5 of the Pits of Slime
 56258 | Slime:5  | Received a gift from Okawaru
 56264 | Slime:5  | Noticed the Royal Jelly
 56276 | Arena    | Entered the Arena
 56296 | Arena    | Killed the Royal Jelly
 56382 | Slime:5  | Found the +2 Maxwell's thermic engine {flame, freeze}
 56437 | Slime:5  | Identified the amulet of Pepewa {Spirit rC- Dex+8}
 56466 | Slime:5  | Identified the ring of Existentialism {Str+6 Stlth+}
 56470 | Slime:5  | Identified the +8 broad axe of Virtue {holy, *Noise rCorr
                  | Str+8}
 56475 | Slime:5  | Identified the +3 leather armour "Tomedo" {rF+ rN+}
 56496 | Slime:5  | Got a slimy rune of Zot
 57212 | Depths:3 | Voluntarily entered the Abyss.
 57215 | Abyss:1  | Found a corrupted altar of Lugonu.
 57532 | Abyss:1  | Found a corrupted altar of Lugonu.
 57598 | Abyss:1  | Found a corrupted altar of Lugonu.
 58007 | Abyss:4  | Gained mutation: You are weak. (Str -2) [a neqoxec]
 58017 | Abyss:4  | Gained mutation: You are clumsy. (Dex -2) [a neqoxec]
 58105 | Abyss:5  | Entered Level 5 of the Abyss
 58590 | Depths:3 | Escaped the Abyss
 58903 | Depths:3 | Lost mutation: You are clumsy. (Dex -2) [potion of
                  | mutation]
 58903 | Depths:3 | Lost mutation: You are weak. (Str -2) [potion of mutation]
 58903 | Depths:3 | Lost mutation: You have supernaturally acute eyesight.
                  | (SInv) [potion of mutation]
 58903 | Depths:3 | Gained mutation: You are clumsy. (Dex -2) [potion of
                  | mutation]
 58904 | Depths:3 | Lost mutation: You are clumsy. (Dex -2) [potion of
                  | mutation]
 58904 | Depths:3 | Gained mutation: You are robust. (+10% HP) [potion of
                  | mutation]
 58904 | Depths:3 | Gained mutation: Your movements are slightly less
                  | encumbered by armour. (ER -2) [potion of mutation]
 58990 | Pan      | Entered Pandemonium
 59153 | Pan      | Received a gift from Okawaru
 59167 | Pan      | Noticed Ozuyfre the pandemonium lord
 59196 | Pan      | Killed Ozuyfre the pandemonium lord
 60464 | Pan      | Received a gift from Okawaru
 60672 | Pan      | Reached skill level 27 in Shields
 60713 | Pan      | Noticed Vuiclian the pandemonium lord
 60716 | Arena    | Entered the Arena
 60737 | Arena    | Killed Vuiclian the pandemonium lord
 60754 | Pan      | Reached XP level 26. HP: 292/292 MP: 27/37
 60772 | Pan      | Got a demonic rune of Zot
 61585 | Pan      | Noticed Qyolaenn the pandemonium lord
 61615 | Pan      | Killed Qyolaenn the pandemonium lord
 61783 | Pan      | Identified the +9 rapier of the Girdle {holy, Drain +Blink
                  | rF++ SInv}
 61871 | Pan      | Identified the +1 pair of gloves "Ris Wyrr" {Int+2}
                  | (Okawaru gifted it to you in Pandemonium)
 61871 | Pan      | Received a gift from Okawaru
 62107 | Pan      | Reached skill level 5 in Stealth
 62180 | Pan      | Gained mutation: You are occasionally teleported next to
                  | monsters. [a cacodemon]
 62509 | Arena    | Entered the Arena
 62567 | Pan      | Identified the +9 long sword "Conservator" {distort, MP+9}
 62589 | Arena    | Entered the Arena
 62604 | Pan      | Noticed Vuchegol the pandemonium lord
 62618 | Arena    | Entered the Arena
 62624 | Arena    | Killed Vuchegol the pandemonium lord
 63634 | Pan      | Gained mutation: Your body sometimes deteriorates upon
                  | taking damage. [a neqoxec]
 63779 | Pan      | Noticed Garghaano the pandemonium lord
 63802 | Pan      | Killed Garghaano the pandemonium lord
 63911 | Pan      | Reached skill level 10 in Dodging
 64220 | Depths:2 | Escaped Pandemonium
 64259 | Pan      | Entered the realm of Cerebov.
 64259 | Pan      | Entered Pandemonium
 64477 | Pan      | Found the +6 sword of Cerebov {flame}
 64477 | Pan      | Noticed Cerebov
 64702 | Pan      | Killed Cerebov
 64713 | Pan      | Got a fiery rune of Zot
 65494 | Pan      | Reached XP level 27. HP: 300/300 MP: 38/38
 65661 | Pan      | Got the Guide on Attacks and Weightlessness
 65663 | Pan      | Got the Incunabulum of Flying Envenoming
 65666 | Pan      | Identified the +7 falchion "Ahysan" {vorpal, Fly}
 65711 | Pan      | Lost mutation: You are occasionally teleported next to
                  | monsters. [potion of mutation]
 65711 | Pan      | Lost mutation: You are robust. (+10% HP) [potion of
                  | mutation]
 65711 | Pan      | Lost mutation: Your movements are slightly less encumbered
                  | by armour. (ER -2) [potion of mutation]
 65711 | Pan      | Gained mutation: You are clumsy. (Dex -2) [potion of
                  | mutation]
 65711 | Pan      | Gained mutation: You are covered in fur. (AC +1) [potion of
                  | mutation]
 65711 | Pan      | Gained mutation: You are partially covered in iridescent
                  | scales. (AC +2) [potion of mutation]
 65712 | Pan      | Lost mutation: You are clumsy. (Dex -2) [potion of
                  | mutation]
 65712 | Pan      | Lost mutation: You are covered in fur. (AC +1) [potion of
                  | mutation]
 65712 | Pan      | Lost mutation: You are partially covered in iridescent
                  | scales. (AC +2) [potion of mutation]
 65712 | Pan      | Gained mutation: You are partially covered in iridescent
                  | scales. (AC +2) [potion of mutation]
 65712 | Pan      | Gained mutation: You are somewhat resistant to further
                  | mutation. [potion of mutation]
 65713 | Pan      | Lost mutation: Your body sometimes deteriorates upon taking
                  | damage. [potion of mutation]
 65713 | Pan      | Lost mutation: You are somewhat resistant to further
                  | mutation. [potion of mutation]
 65713 | Pan      | Lost mutation: You are partially covered in iridescent
                  | scales. (AC +2) [potion of mutation]
 65713 | Pan      | Gained mutation: Armour fits poorly on your strangely
                  | shaped body. [potion of mutation]
 65713 | Pan      | Lost mutation: Armour fits poorly on your strangely shaped
                  | body. [potion of mutation]
 65713 | Pan      | Gained mutation: You are partially covered in iridescent
                  | scales. (AC +2) [potion of mutation]
 65801 | Pan      | Identified the +1 helmet of the Orb Guardian {*Slow rF++
                  | Regen+ rCorr}
 65813 | Pan      | Identified the +5 great sword "Idehoeh" {flame, rElec rPois
                  | Will+ Str-3}
 65837 | Pan      | Identified the ring "Repov" {Fire rPois rN+}
 65844 | Pan      | Identified the +2 pair of gloves of Egalitarianism
                  | {*Corrode Will+ Dex+5}
 65966 | Pan      | Received a gift from Okawaru
 66568 | Pan      | Noticed Ymaufferana the pandemonium lord
 66570 | Pan      | Identified the +2 robe "Otaah" {Harm Slay+6}
 66589 | Pan      | Killed Ymaufferana the pandemonium lord
 66593 | Pan      | Gained mutation: You are clumsy. (Dex -2) [a cacodemon]
 66823 | Pan      | Gained mutation: Armour fits poorly on your strangely
                  | shaped body. [a cacodemon]
 67152 | Pan      | Received a gift from Okawaru
 67422 | Pan      | Found a runed translucent door.
 67594 | Pan      | Found an exit through the horrors of the Abyss.
 68023 | Pan      | Identified the +1 ring mail "Bininy" {Str+3}
 68784 | Arena    | Entered the Arena
 69006 | Pan      | Noticed Uhogal the pandemonium lord
 69018 | Pan      | Killed Uhogal the pandemonium lord
 69521 | Pan      | Found an exit through the horrors of the Abyss.
 70313 | Pan      | Gained mutation: Your spells are a little easier to cast,
                  | but a little less powerful. [a cacodemon]
 70871 | Pan      | Identified the +1 hand axe "Utunn" {pain, *Noise rN++ Will+
                  | MP+9} (Okawaru gifted it to you in Pandemonium)
 70871 | Pan      | Received a gift from Okawaru
 71080 | Pan      | Noticed Zicsuec the pandemonium lord
 71097 | Pan      | Killed Zicsuec the pandemonium lord
 71163 | Pan      | Found an exit through the horrors of the Abyss.
 71206 | Depths:2 | Escaped Pandemonium
 71214 | Depths:2 | Lost mutation: Armour fits poorly on your strangely shaped
                  | body. [potion of mutation]
 71214 | Depths:2 | Lost mutation: You are partially covered in iridescent
                  | scales. (AC +2) [potion of mutation]
 71214 | Depths:2 | Gained mutation: You are partially covered in iridescent
                  | scales. (AC +2) [potion of mutation]
 71214 | Depths:2 | Gained mutation: Your muscles are strong. (Str +2) [potion
                  | of mutation]
 71214 | Depths:2 | Gained mutation: You expend magic power (3 MP) to
                  | strengthen your wands. [potion of mutation]
 71214 | Depths:2 | Gained mutation: Your mind is acute. (Int +2) [potion of
                  | mutation]
 71215 | Depths:2 | Lost mutation: You expend magic power (3 MP) to strengthen
                  | your wands. [potion of mutation]
 71215 | Depths:2 | Lost mutation: You are clumsy. (Dex -2) [potion of
                  | mutation]
 71215 | Depths:2 | Gained mutation: Your mind is very acute. (Int +4) [potion
                  | of mutation]
 71215 | Depths:2 | Gained mutation: You are partially covered in large bone
                  | plates. (SH +4) [potion of mutation]
 71487 | D:4      | Found a glowing golden altar of the Shining One.
 71487 | D:4      | Found a white marble altar of Elyvilon.
 71487 | D:4      | Found an opulent altar of Gozag.
 71490 | D:4      | Found a hide-covered altar of Uskayaw.
 71782 | Zot:1    | Entered Level 1 of the Realm of Zot
 71800 | Zot:1    | Noticed an orb of fire
 71807 | Zot:1    | Gained mutation: You occasionally shout uncontrollably at
                  | your foes. [an orb of fire]
 71812 | Zot:1    | Killed an orb of fire
 71926 | Zot:1    | Found the +4 dragonskin cloak
 71926 | Zot:1    | Noticed Tiamat
 71994 | Zot:1    | Killed Tiamat
 72412 | Zot:1    | Reached skill level 27 in Invocations
 72979 | Hell     | Entered the Vestibule of Hell
 72979 | Hell     | Noticed Geryon
 72994 | Hell     | Killed Geryon
 73029 | Hell     | Reached skill level 15 in Dodging
 73035 | Hell     | Received a gift from Okawaru
 73160 | Hell     | Found a gateway to the decaying netherworld of Tartarus.
 73275 | Hell     | Found a gateway to the ashen valley of Gehenna.
 73308 | Geh:1    | Entered Level 1 of Gehenna
 73343 | Arena    | Entered the Arena
 73382 | Arena    | Entered the Arena
 73893 | Arena    | Entered the Arena
 74325 | Hell     | Found a gateway to the freezing wastes of Cocytus.
 74450 | Geh:2    | Reached skill level 27 in Armour
 74873 | Geh:3    | Identified the +2 scale mail "Lekk" {SInv} (Okawaru gifted
                  | it to you on level 3 of Gehenna)
 74873 | Geh:3    | Received a gift from Okawaru
 75379 | Geh:5    | Reached skill level 5 in Evocations
 75620 | Geh:5    | Noticed an ancient lich
 75627 | Geh:5    | Killed an ancient lich
 75642 | Geh:5    | Noticed an ancient lich
 75642 | Geh:5    | Noticed a dread lich
 75642 | Geh:5    | Noticed a dread lich
 75642 | Geh:5    | Noticed an ancient lich
 75646 | Geh:5    | Noticed an ancient lich
 75647 | Geh:5    | Paralysed by a dread lich for 6 turns
 75649 | Geh:5    | Noticed an ancient lich
 75655 | Geh:5    | Killed an ancient lich
 75657 | Geh:5    | Killed a dread lich
 75659 | Geh:5    | Killed an ancient lich
 75663 | Geh:5    | Killed a dread lich
 75663 | Geh:5    | Killed an ancient lich
 75666 | Geh:5    | Killed an ancient lich
 75923 | Geh:7    | Entered Level 7 of Gehenna
 75942 | Geh:7    | Received a gift from Okawaru
 76090 | Geh:7    | Received a gift from Okawaru
 76326 | Geh:7    | Reached skill level 1 in Throwing
 76413 | Geh:7    | Identified the +11 great mace of Parphit {venom, *Corrode
                  | Will+ Dex+3}
 76554 | Geh:7    | Found the +7 sceptre of Asmodeus
 76554 | Geh:7    | Noticed Asmodeus
 76578 | Geh:7    | Killed Asmodeus
 76586 | Geh:7    | Got an obsidian rune of Zot
 76881 | Coc:1    | Entered Level 1 of Cocytus
 76886 | Coc:1    | Identified the +5 broad axe "Amaghecs" {freeze, rN+ Str+4
                  | Int-4} (Okawaru gifted it to you on level 1 of Cocytus)
 76886 | Coc:1    | Received a gift from Okawaru
 78050 | Coc:6    | Killed from afar by an elemental wellspring

Illustrated notes

Levels and vault maps discovered:
D:1:      psy_arrival_heroes, layout_basic, serial_shops, nicolae_shop_crystal,
          skrybe_limestone_x
D:2:      layout_basic
D:3:      layout_basic, lemuel_crystal_altar, grunt_qazlal_clouds, serial_shops,
          shop_statue, kennysheep_generic_room_9, uniq_ijyb, uniq_jessica
D:4:      layout_rooms, nicolae_overflow_hidden_temple
D:5:      layout_basic
D:6:      layout_loops_cross, vehumet_statue, xom_teletrap_fun
D:7:      layout_basic, minmay_temple_entry_sparse_star, enter_bailey_2,
          kennysheep_small_spiral
D:8:      minmay_bloctagon, layout_cave_pools, uniq_erica, uniq_maggie
D:9:      layout_big_octagon, chequers_jeans, minivault_1, st_stairs_1,
          grunt_ministairs_10
D:10:     layout_long_grid, lair_entry_dummy, zombieorc1_lemuel,
          hangedman_incinerator, uniq_nergalle
D:11:     layout_loops_cross, serial_shops, shop, minmay_lizard_king
D:12:     layout_basic, fedhas_altar_3, uniq_snorg
D:13:     layout_irregular_city
D:14:     layout_loops_ring, skrybe_vaults_entry_preservation,
          minmay_misc_feat_x
D:15:     gammafunk_depths_entry_grave, layout_layer_cave, minmay_three_doors,
          uniq_kirke, uniq_roxanne, uniq_rupert
Temple:   nicolae_temple_figure_eight
Lair:1:   layout_small_grid, gammafunk_ghost_split, grunt_megastairs_5
Lair:2:   nzn_winding_woodlands_cross [nzn_winding_woodlands_5x15_default,
          nzn_winding_woodlands_5x15_longhouse,
          nzn_winding_woodlands_5x15_split_checker,
          nzn_winding_woodlands_5x15_river_crossing,
          nzn_winding_woodlands_15x15_thick_spiral], layout_long_grid,
          shoals_dummy_entry, st_stairs_12
Lair:3:   layout_cave_pods, ebering_ghost_funeral_grove
Lair:4:   layout_long_grid, minmay_snake_entry_guardpost_medium,
          grunt_megastairs_3
Lair:5:   layout_loops_ring, slime_altar_2, pond
Lair:6:   guppyfry_lair_end_dragon, layout_hall_layers, wormcave
Shoals:1: layout_shoals, gammafunk_ghost_cemetery,
          portal_ice_cave_entry_ice_statue_one, nicolae_shoals_secluded_bog
Shoals:2: layout_shoals
Shoals:3: layout_shoals, st_sunken_huts
Shoals:4: shoals_end_grunt_garden, layout_shoals, nicolae_shoals_cliffside_cave
Snake:1:  layout_basic, grunt_ministairs_15
Snake:2:  layout_cave_shapes
Snake:3:  onia_ninara_swampy_vault, layout_cave_town, serial_shops,
          nicolae_diamond_shop
Snake:4:  minmay_snake_end_coiled, layout_misc_corridors, basic_altar,
          uniq_aizul
Slime:1:  layout_caves, nicolae_slime_phagocytosis
Slime:2:  layout_caves
Slime:3:  layout_caves
Slime:4:  cheibrodos_slime_lost_civilization_8, layout_caves
Slime:5
Orc:1:    layout_caves
Orc:2:    st_orc_ogre_mass, layout_diamond_mine, gauntlet_entry_generic,
          serial_shops, shop, abandoned_shop, led_sif_book
Elf:1:    nicolae_elf_arrival_aired_out, layout_gridlike, special_room
          [special_room_orc], minmay_elf_sorcery, nicolae_elf_hall_of_bonks
Elf:2:    nicolae_elf_blades_crystal_corner, layout_geoelf_diagonals,
          serial_shops, bzr_entry_road, ebering_ghost_rock_garden,
          hangedman_feature_mirror, nicolae_elf_archery_training, uniq_nikola
Elf:3:    nooodl_elf_gasket, layout_geoelf_octagon, serial_shops, shop,
          shop_fountains, nicolae_shop_trees, serial_glass, glass_columns_a,
          glass_columns_a
Vaults:1: vaults_standard_mumra_x, v_misc_5, vaults_mumra_hexcomb,
          vaults_room_hallway, v_misc_13, nicolae_vaults_little_squares_6,
          nicolae_vaults_big_angled_halls, nicolae_vaults_asterisk,
          vaults_room_door_ring, layout_vaults_omnigrid, serial_shops, shop,
          nicolae_shop_temple_entry_statues_fountains
Vaults:2: vaults_mumra_minichess_inversion, ontoclasm_vaults_hangar,
          ontoclasm_vaults_ring_square, vaults_dpeg_diagonal,
          nicolae_vaults_twisting_passages, ontoclasm_vaults_gallery,
          ontoclasm_vaults_twist, layout_vaults_chaotic_city, serial_shops,
          nicolae_shop_trees, uniq_bai_suzhen, uniq_donald
Vaults:3: vaults_room_fancy_cross, vaults_room_door_hall, vaults_mumra_hex,
          minmay_crypt_entry_vampire_xt, hangedman_vaults_slither,
          v_alt_pattern_3, nicolae_vaults_network_square,
          ontoclasm_vaults_ring_small, gammafunk_sealed_arena,
          ontoclasm_vaults_ring_square, nicolae_vaults_what_the_h, v_misc_3,
          ontoclasm_vaults_loading_screen, grunt_vaults_diagonal,
          layout_vaults_big_cross
Vaults:4: portal_desolation_entry_ruin, hangedman_vaults_capsules, st_diamondy,
          vaults_room_hallway, v_misc_13, vaults_room_fours,
          vaults_mumra_chevron, ontoclasm_vaults_pinch, dpeg_vaults_monster_box,
          hangedman_vaults_trim, vaults_room_fours, grunt_vaults_focal,
          layout_vaults_ring, serial_shops, nicolae_shop_statue_plus
Vaults:5
Depths:1: layout_long_grid, hellmonk_bongcloud_opening, pan_entry,
          grunt_hell_horde, chequers_serial_rivers_micro_e, kennysheep_boxes,
          roderic_lattice_octagonal_star, uniq_enchantress
Depths:2: minmay_two_paths, layout_cave_shapes, enter_ziggurat_d, serial_shops,
          shop_scrolls, hangedman_tar_grid_catacomb, grunt_pan_entry_in_and_out,
          infiniplex_staircase_x
Depths:3: evilmike_cross, layout_basic, abyss_entry_flame_altar,
          hangedman_geh_valley, nicolae_gozag_seed_capital,
          infiniplex_staircase_pillars_3a
Depths:4: grunt_crosshair, layout_gridville, hangedman_decor_growths,
          pf_coc_iceberg, serial_bayou_shore_b, uniq_saint_roka
Hell
Geh:1:    nicolae_hells_demon_pit, layout_gehenna_pools_basic
Geh:2:    nicolae_geh_tyrants_menagerie, layout_gehenna_lava_caves
Geh:3:    layout_gehenna_lava_caves
Geh:4:    layout_gehenna_pools_triple
Geh:5:    layout_gehenna_pools_triple, nicolae_hells_leichenhalle
Geh:6:    layout_gehenna_pools_triple, lemuel_flamethrower_2
Geh:7:    geh_old
Coc:1:    nicolae_coc_icebeans_plural [nicolae_sub_coc_subbean,
          nicolae_sub_coc_subbean, nicolae_sub_coc_subbean,
          nicolae_sub_coc_subbean], layout_ice_bergs
Coc:2:    layout_ice_bergs
Coc:3:    nicolae_coc_hellspring, layout_cocytus_water_paths, serial_ice,
          serial_ice_a
Coc:4:    layout_cocytus_water_paths
Coc:5:    layout_cocytus_water_paths
Coc:6:    layout_ice_bergs
Zot:1:    layout_onion, zot_minivault_1, uniq_tiamat

Skill      XL: |  1  2  3  4  5  6  7  8  9 10 11 12 13 14 15 16 17 18 19 20 21 22 23 24 25 26 27 |
---------------+----------------------------------------------------------------------------------+-----
Shields        | 4 5 6 8 9 11 12 14 15 16 17 18 19 21 22 24 27 | 27.0
Armour         | 4 5 6 7 9 10 12 14 15 16 17 18 19 20 21 22 27 | 27.0
Fighting       | 4 5 6 7 8 9 10 12 13 15 16 17 18 19 21 22 23 24 26 27 | 27.0
Axes           | 3 4 6 7 9 11 12 14 15 17 19 20 21 22 24 25 26 27 | 27.0
Invocations    | 2 3 5 6 8 9 10 11 12 13 14 15 16 17 18 19 20 21 22 24 27 | 27.0
Dodging        | 1 2 3 4 5 6 11 23 | 23.9
Stealth        | 1 2 3 5 8 |  8.8
Evocations     | 1 2 8 |  8.6
Throwing       | 2 |  2.4

Action                   |  1- 3 |  4- 6 |  7- 9 | 10-12 | 13-15 | 16-18 | 19-21 | 22-24 | 25-27 || total
-------------------------+-------+-------+-------+-------+-------+-------+-------+-------+-------++-------
Melee: War axe           |    73 |   128 |   263 |   552 |   759 |   500 |       |       |       ||  2275
       Headbutt          |     3 |    15 |    41 |   116 |   195 |   275 |   338 |   428 |  1191 ||  2602
       Battleaxe         |       |       |       |     8 |       |       |       |       |       ||     8
       Executioner's axe |       |       |       |       |       |   409 |   288 |       |   110 ||   807
       Broad axe         |       |       |       |       |       |   114 |   936 |  1483 |  3414 ||  5947
Throw: Boomerang         |       |       |       |       |       |       |       |     1 |     1 ||     2
Invok: Heroism           |       |       |       |    14 |    10 |     8 |    18 |    11 |    24 ||    85
       Finesse           |       |       |       |     4 |     7 |     7 |    17 |     8 |    21 ||    64
       Duel              |       |       |       |       |     1 |     9 |     1 |     4 |     9 ||    24
Evoke: Wand              |       |       |     3 |     3 |     3 |    13 |     1 |     1 |    12 ||    36
  Use: Scroll            |     6 |     4 |     9 |     9 |    14 |     7 |    14 |     6 |    12 ||    81
       Potion            |       |       |     5 |     6 |     2 |    17 |     3 |    21 |    45 ||    99
 Stab: Paralysed         |       |       |       |     7 |       |       |       |       |       ||     7
       Invisible         |       |       |       |       |       |       |       |       |     4 ||     4
       Distracted        |       |       |       |       |       |       |       |       |     1 ||     1
       Confused          |       |       |       |       |       |       |       |       |     1 ||     1
Armor: Scale mail        |     9 |       |       |       |       |       |       |       |       ||     9
       Plate armour      |    29 |    92 |   195 |   277 |   221 |   510 |   320 |   307 |   763 ||  2714
Dodge: Dodged            |    36 |    44 |    97 |    86 |    98 |   255 |   216 |   259 |   714 ||  1805
Block: Buckler           |    14 |    39 |    66 |       |       |       |       |       |       ||   119
       Tower shield      |       |       |    15 |   388 |   516 |   526 |   782 |  1189 |  3088 ||  6504
